 Dungeon Crawl Stone Soup version 0.28.0-53-g5a82cb258f (webtiles) character file.

Game seed: 2641651506007433662

128 Peloso the Skirmisher (level 4, 0/41 HPs)
             Began as a Minotaur Fighter on May 23, 2022.
             Slain by Pikel
             ... wielding a +1 whip of flaming
              (1 damage)
             ... while paralysed by Pikel
             ... on level 3 of the Dungeon.
             The game lasted 00:03:40 (2788 turns).

Peloso the Skirmisher (Minotaur Fighter)            Turns: 2788, Time: 00:03:41

Health: 0/41       AC: 10    Str: 20    XL:     4   Next: 87%
Magic:  3/3        EV:  2    Int:  5    God:
Gold:   148        SH:  0    Dex: 12    Spells: 3/3 levels left

rFire   . . .      SeeInvis .   a - +0 long sword
rCold   . . .      Faith    .   c - +0 buckler
rNeg    . . .      Spirit   .   j - +0 chain mail
rPois   .          Reflect  .   (helmet restricted)
rElec   .          Harm     .   l - +0 cloak
rCorr   .          Rampage  .   (no gloves)
Will    .....                   (no boots)
Stlth   ..........              (no amulet)
HPRegen 0.13/turn               (no ring)
MPRegen 0.08/turn               (no ring)

@: paralysed, brilliant
A: horns 2, retaliatory headbutt
a: no special abilities


You were on level 3 of the Dungeon.
You visited 1 branch of the dungeon, and saw 4 of its levels.

You collected 148 gold pieces.

Inventory:

Hand Weapons
 a - a +0 long sword (weapon)
Armour
 b - a +0 scale mail
 c - a +0 buckler (worn)
 j - a +0 chain mail (worn)
 l - a +0 cloak (worn)
Jewellery
 h - a ring of wizardry
Scrolls
 e - 3 scrolls of identify {unknown}
 i - a scroll of blinking {unknown}
 k - 2 scrolls of teleportation {unknown}
Potions
 d - a potion of might
 f - 2 potions of brilliance


   Skills:
 + Level 4.5 Fighting
 + Level 4.2 Long Blades
 + Level 4.5 Armour
 + Level 0.3 Dodging
 + Level 0.1 Stealth
 + Level 4.1 Shields


You had 3 spell levels left.
You didn't know any spells.
Your spell library contained the following spells:

 Spells                   Type           Power      Damage    Failure   Level
 Ensorcelled Hibernation  Hex/Ice        0%         N/A       100%        2
 Static Discharge         Conj/Air       0%         N/A       100%        2
 Spider Form              Tmut/Pois      0%         N/A       100%        3
 Anguish                  Hex/Necr       0%         N/A       100%        4
 Dispel Undead            Necr           0%         3d6       100%        4
 Sticky Flame             Conj/Fire      0%         2d3       100%        4


Dungeon Overview and Level Annotations

Branches:
Dungeon (4/15)
 Temple: D:4-7

Altars:
Ru

Shops:
D:3 ([=

Annotations:
D:3 Pikel


Innate Abilities, Weirdness & Mutations

You have a pair of horns on your head.
You reflexively headbutt those who attack you in melee.


Message History

You block Pikel's attack.
Pikel hits you with a +1 whip of flaming.
Pikel burns you.
Unknown command.
You hit Pikel but do no damage. You headbutt Pikel.
Pikel is heavily wounded.
Pikel zaps a wand.
You resist with some effort.
Unknown command.
You closely miss Pikel.
Pikel is heavily wounded.
Pikel hits you with a +1 whip of flaming.
Pikel burns you.
Unknown command.
You hit Pikel but do no damage.
Pikel is heavily wounded.
Pikel hits you with a +1 whip of flaming!
* * * LOW HITPOINT WARNING * * *
Pikel burns you.
* * * LOW HITPOINT WARNING * * *
Unknown command.
It was a potion of brilliance.
You feel clever all of a sudden. Pikel hits you but does no damage.
It was a potion of curing.
You feel better.
Pikel zaps a wand.
You resist with some effort.
You hit Pikel.
Pikel is heavily wounded.
Pikel hits you with a +1 whip of flaming.
* * * LOW HITPOINT WARNING * * *
Pikel burns you.
* * * LOW HITPOINT WARNING * * *
You miss Pikel. Your headbutt misses Pikel.
Pikel is heavily wounded.
Pikel zaps a wand.
You suddenly lose the ability to move!
Pikel hits you with a +1 whip of flaming.
* * * LOW HITPOINT WARNING * * *
Pikel burns you.
* * * LOW HITPOINT WARNING * * *
Pikel hits you with a +1 whip of flaming.
You die...

...####.#.....## #.# #.#
...............# #.#######.#
.)###.#.......## #.........#
..##..).......# #.#######.#
..#>#.#..#....#### #.# #)#
...<.....##......# #<# #.#
..#.#.#..##.#.##.# #.# #.#
.###.....##.#.##.#####.#######.#
.# ##.#..##....†@K.............#
.# #.#................#########
.# #.#.########...##.##
.####.#..# ###.##.# ...##.##.#
#.##.# ...##.##.# #.##.#
......##.# #.##.# ......##.#
#.##.# .....##..# #.##.#


You could see Pikel.

Vanquished Creatures
  A lemure (D:4)
  2 iguanas (D:3)
  2 adders
  A worm (D:3)
  An orc (D:2)
  6 ball pythons
  4 bats
  5 endoplasms
  2 giant cockroaches
  10 goblins
  5 hobgoblins
  2 jackals (D:1)
  4 kobolds
  3 quokkas (D:2)
  2 frilled lizards (D:3)
50 creatures vanquished.

Vanquished Creatures (others)
  7 plants
7 creatures vanquished.

Grand Total: 57 creatures vanquished

Notes
Turn   | Place    | Note
-------+----------+-------------------------------------------
     0 | D:1      | Peloso the Minotaur Fighter began the quest for the Orb.
     0 | D:1      | Reached XP level 1. HP: 19/19 MP: 0/0
   237 | D:1      | Reached XP level 2. HP: 20/27 MP: 1/1
   860 | D:1      | Found a faded altar of an unknown god.
  1026 | D:2      | Reached XP level 3. HP: 33/33 MP: 2/2
  1750 | D:3      | Reached XP level 4. HP: 11/40 MP: 3/3
  1994 | D:3      | Found Kual's Armour Emporium.
  2032 | D:3      | Found Sam Baatom's Antique Weapon Shoppe.
  2240 | D:3      | Found Vuwodokhle's Jewellery Shoppe.
  2273 | D:3      | Found a sacrificial altar of Ru.
  2679 | D:4      | Noticed a lemure
  2698 | D:4      | Killed a lemure
  2757 | D:4      | Noticed Pikel
  2757 | D:4      | Noticed a lemure
  2757 | D:4      | Paralysed by Pikel for 4 turns
  2757 | D:4      | Noticed a lemure
  2759 | D:4      | Noticed a lemure
  2774 | D:3      | Paralysed by Pikel for 3 turns
  2787 | D:3      | Paralysed by Pikel for 6 turns
  2787 | D:3      | HP: 1/41 [Pikel/+1 whip of flaming (2)]
  2788 | D:3      | Slain by Pikel

Illustrated notes

Levels and vault maps discovered:
D:1:      scummos_arrival_checkerplants, layout_basic,
          shapermc_ecumenical_altar_petra, minmay_tree_intersection,
          lemuel_another_geyser
D:2:      wander_river, layout_loops_ring, serial_bayou_ford_a
D:3:      layout_loops_ring, amcnicky_altar_gilded, serial_shops,
          nicolae_shop_overgrown_old_shop, shop, nicolae_shop_stone
D:4:      layout_gridville, grunt_temple_overflow_open, uniq_pikel,
          uniq_grinder, uniq_menkaure, uniq_blork_the_orc

Skill      XL: |  1  2  3  4 |
---------------+-------------+-----
Long Blades    | 3 4 |  4.2
Armour         | 4 |  4.5
Fighting       | 4 |  4.5
Shields        | 4 |  4.1
Dodging        | |  0.3
Stealth        | |  0.1

Action                   |  1- 3 |  4- 6 || total
-------------------------+-------+-------++-------
Melee: Long sword        |    92 |    59 ||   151
       Headbutt          |     7 |    11 ||    18
  Use: Potion            |       |     2 ||     2
Armor: Scale mail        |    37 |       ||    37
       Chain mail        |    13 |    16 ||    29
Dodge: Dodged            |    41 |    16 ||    57
Block: Buckler           |    20 |    11 ||    31
